Map: Lost and Found LE

Players

DnS - Winner!

  • Race: Protoss Protoss
  • Spawn Location: 1:00

StevenBonnel (PtitDrogo)

  • Race: Protoss Protoss
  • League: Master
  • Spawn Location: 7:00

Event: WCS Austin 2018

VOD

Have the link to the VOD?

Description

Time

  • Played on: June 1, 2018, 10:20 p.m.
  • Length: 7:50

All games in this series

Show
View Real Time Build Order
Export as new Build Order

DnS Protoss - Winner!

Build Orders:  

Get SALT Encoding   

  12  0:00  Probe  
  13  0:12  Probe  
  14  0:17  Pylon  
  14  0:24  Probe  
  15  0:33  Probe  
  15  0:37  Gateway  
  15  0:41  Probe  
  16  0:46  Assimilator  
  17  0:50  Probe  
  17  0:56  Assimilator  
  18  1:00  Probe  
  19  1:08  Probe  
  19  1:14  Gateway  
  19  1:17  Probe  
  20  1:25  Cybernetics Core  
  21  1:29  Probe  
  22  1:35  Pylon  
  22  1:43  Probe  
  23  1:48  Warp Gate  
  23  1:55  Probe  
  24  2:02  Sentry  
  24  2:06  Stalker  
  28  2:12  Pylon  
  28  2:29  Stalker  
  30  2:36  Stalker  
  32  2:44  Gateway x2  
  32  2:59  Stalker  
  34  3:06  Stalker  
  34  3:12  Pylon  
  36  3:13  Shield Battery  
  36  3:32  Pylon  
  36  3:50  Stalker  
  36  3:51  Stalker x3  
  39  4:19  Stalker x3  
  39  4:20  Sentry  
  47  4:48  Stargate  
  47  4:54  Probe  
  47  4:56  Nexus  
  48  5:02  Probe  
  49  5:12  Probe  
  49  5:15  Adept  
  52  5:24  Phoenix  
  52  5:26  Pylon  
  52  5:30  Shield Battery  
  52  5:33  Probe  
  53  5:43  Sentry  
  53  5:46  Stalker  
  57  6:00  Phoenix  
  57  6:03  Pylon  
  57  6:13  Probe  
  58  6:25  Phoenix, Probe x2  
  60  6:31  Adept  
  60  6:32  Adept x2  
  68  6:51  Phoenix  
  62  6:57  Adept x4  
  62  7:00  Probe x2  
  70  7:14  Phoenix  
  68  7:21  Zealot x4  
  78  7:30  Pylon  
  78  7:32  Pylon  
  78  7:34  Pylon  
  76  7:49  Stalker x3  
Show
View Real Time Build Order
Export as new Build Order

StevenBonnel Protoss 

Build Orders: Phoenix Opening 

Get SALT Encoding   

  12  0:00  Probe  
  13  0:12  Probe  
  14  0:17  Pylon  
  14  0:24  Probe  
  15  0:32  Probe  
  15  0:38  Gateway  
  15  0:40  Probe  
  16  0:45  Assimilator  
  17  0:51  Probe  
  17  0:54  Assimilator  
  18  1:00  Probe  
  19  1:08  Probe  
  19  1:15  Gateway  
  19  1:17  Probe  
  21  1:26  Cybernetics Core  
  21  1:29  Probe  
  22  1:36  Pylon  
  22  1:41  Probe  
  23  1:54  Probe  
  24  1:58  Warp Gate  
  24  2:02  Stalker  
  24  2:03  Sentry  
  28  2:11  Pylon  
  28  2:18  Probe  
  29  2:33  Stalker x2  
  33  2:53  Nexus  
  33  2:57  Probe  
  34  2:59  Shield Battery  
  34  3:05  Sentry  
  36  3:06  Sentry  
  36  3:08  Phoenix  
  36  3:11  Probe  
  39  3:16  Pylon  
  38  3:30  Shield Battery  
  38  3:38  Robotics Facility, Probe  
  39  3:50  Probe  
  40  4:04  Stalker  
  40  4:05  Stalker  
  40  4:07  Shield Battery x2  
  44  4:16  Immortal  
  37  4:30  Stalker  
  40  4:35  Sentry  
  42  4:40  Pylon  
  42  4:56  Warp Prism  
  46  5:01  Pylon  
  46  5:02  Adept x2  
  47  5:21  Gateway  
  47  5:23  Sentry  
  47  5:24  Stalker  
  47  5:27  Pylon  
  51  5:42  Pylon  
  51  6:02  Stalker x2  
  51  6:13  Nexus  
  51  6:15  Pylon  
  51  6:28  Sentry x3  
  51  6:31  Probe  
  58  6:43  Probe  
  51  6:58  Stalker x3  
  51  6:59  Probe  
  50  7:09  Probe  
  41  7:17  Probe  
  40  7:25  Shield Battery  
  40  7:28  Stalker, Sentry  
  44  7:30  Zealot  
  44  7:33  Shield Battery  
Tags
 
Add a new tag
Caveats
  • Supply blocks, unpowered buildings, or Contaminate may cause inaccurate times.
  • Supply counts are checked every 10 seconds.